 Dungeon Crawl Stone Soup version 0.29-a0-337-g68df138881 (webtiles) character file.

Game seed: 17287049190692653356

77 avis the Ruffian (level 4, 0/41 HPs)
             Began as a Hill Orc Monk on Apr 17, 2022.
             Slain by an orc
             ... wielding a +0 club
              (3 damage)
             ... on level 2 of the Dungeon.
             The game lasted 00:08:37 (1992 turns).

avis the Ruffian (Hill Orc Monk)                    Turns: 1992, Time: 00:08:37

Health: 0/41       AC:  2    Str: 15    XL:     4   Next: 34%
Magic:  4/4        EV: 12    Int: 10    God:
Gold:   63         SH:  0    Dex: 13    Spells: 3/3 levels left

rFire   . . .      SeeInvis .     - Unarmed
rCold   . . .      Faith    .   (no shield)
rNeg    . . .      Spirit   .   a - +0 robe
rPois   .          Reflect  .   (no helmet)
rElec   .          Harm     .   (no cloak)
rCorr   .          Rampage  .   (no gloves)
Will    .....                   (no boots)
Stlth   ++........              (no amulet)
HPRegen 0.13/turn               (no ring)
MPRegen 0.09/turn               (no ring)

@: no status effects
A: no striking features
a: no special abilities


You were on level 2 of the Dungeon.
You visited 1 branch of the dungeon, and saw 2 of its levels.

You collected 63 gold pieces.

Inventory:

Hand Weapons
 b - a +0 hunting sling
 m - a +1 dagger of holy wrath
 n - a +0 hunting sling
 w - a +1 dagger of protection
Missiles
 g - 53 stones (quivered)
Armour
 a - a +0 robe (worn)
Magical Staves
 c - a staff of earth
Jewellery
 l - an amulet of regeneration
Scrolls
 d - a scroll of vulnerability {unknown}
 i - a scroll of acquirement {unknown}
 j - a scroll of enchant weapon {unknown}
 o - a scroll of identify {unknown}
Potions
 h - a potion of magic {unknown}
 k - a potion of haste {unknown}
 p - a potion of mutation {unknown}


   Skills:
 + Level 4.5 Fighting
 - Level 2.4 Dodging
 - Level 1.5 Stealth
 * Level 4.9 Unarmed Combat


You had 3 spell levels left.
You didn't know any spells.
Your spell library contained the following spells:

 Spells                   Type           Power      Damage    Failure   Level
 Gell's Gravitas          Tloc           0%         N/A       75%         3
 Teleport Other           Tloc           0%         N/A       75%         3
 Dispersal                Tloc           0%         N/A       100%        6


Dungeon Overview and Level Annotations

Branches:
Dungeon (2/15)

Altars:


Message History

You feel extremely sick.
An orc comes into view. It is wielding a +0 club.
Robin roars a battlecry!
The goblin hits you with a +1 dagger of venom.
You are more poisoned.
You hear a shout!
You punch the goblin!
You kill the goblin!
* * * LOW HITPOINT WARNING * * *
You feel extremely sick. Robin hits you with a +0 short sword.
* * * LOW HITPOINT WARNING * * *
You hit Robin.
You kill Robin!
* * * LOW HITPOINT WARNING * * *
You feel very sick.
It was a potion of curing.
You feel better. The orc misses you.
You hit the orc.
The orc is heavily wounded.
The orc barely misses you.
You hit the orc.
The orc is almost dead.
The orc hits you with a +0 club.
* * * LOW HITPOINT WARNING * * *
You barely miss the orc.
The orc is almost dead.
The orc hits you with a +0 club.
* * * LOW HITPOINT WARNING * * *
An orc comes into view. It is wielding a +0 hand axe.
You closely miss the orc.
The orc is almost dead.
The orc hits you with a +0 club.
* * * LOW HITPOINT WARNING * * *
You closely miss the orc.
The orc is almost dead.
The orc closely misses you.
You closely miss the orc.
The orc is almost dead.
The orc hits you with a +0 club.
You die...

##########
.....†oo.#########
####
.⌠...###@)........
..# ..g
#..######## #.# .
#..# #.### #..#
#######....
#..#####..........
#........#####....
###......# #......
#####.## #......
#.####.<....


You could see 2 orcs.

Vanquished Creatures
  Robin (D:2)
  An adder (D:2)
  3 dart slugs (D:1)
  4 endoplasms
  2 giant cockroaches (D:1)
  3 hobgoblins (D:2)
  4 jackals (D:1)
  3 kobolds
  5 ball pythons
  5 bats (D:1)
  2 frilled lizards (D:1)
  11 goblins
  3 rats
47 creatures vanquished.

Notes
Turn   | Place    | Note
-------+----------+-------------------------------------------
     0 | D:1      | avis the Hill Orc Monk began the quest for the Orb.
     0 | D:1      | Reached XP level 1. HP: 19/19 MP: 1/1
   360 | D:1      | Reached XP level 2. HP: 26/27 MP: 2/2
   631 | D:1      | Reached XP level 3. HP: 30/33 MP: 3/3
  1248 | D:2      | Noticed Robin
  1681 | D:2      | Reached XP level 4. HP: 34/41 MP: 4/4
  1985 | D:2      | Killed Robin
  1992 | D:2      | Slain by an orc

Illustrated notes

Levels and vault maps discovered:
D:1:      dpeg_arrival_chambers_temple_mockup, layout_basic, kennysheep_boxes
D:2:      layout_loops_ring, hellmonk_ecumenical_altar_defaced_shrine,
          uniq_robin

Skill      XL: |  1  2 |
---------------+-------+-----
Fighting       | 4 |  4.5
Unarmed Combat | 4 |  4.9
Dodging        | |  2.4
Stealth        | |  1.5

Action                   |  1- 3 |  4- 6 || total
-------------------------+-------+-------++-------
Melee: Unarmed           |   153 |    16 ||   169
       Punch             |     3 |     1 ||     4
       Dagger            |       |     2 ||     2
 Fire: Hunting sling     |     3 |    22 ||    25
  Use: Potion            |     1 |     4 ||     5
 Stab: Sleeping          |     3 |       ||     3
Armor: Robe              |    41 |     2 ||    43
Dodge: Dodged            |   125 |    17 ||   142

Table legend: (Time is in decaauts)
 A = Elapsed time spent in this place.
 B = Non-inter-level travel time spent in this place.
 C = Inter-level travel time spent in this place.
 D = Time resting spent in this place.
 E = Time spent auto-exploring this place.
 F = Levels seen in this place.
 G = Mean time per level.
                   A        B        C        D        E       F      G
               +--------+--------+--------+--------+--------+-----+--------+
         Total |   1989 |   1878 |    111 |    815 |    585 |   2 |  994.5 |
       Dungeon |   1989 |   1878 |    111 |    815 |    585 |   2 |  994.5 |
               +--------+--------+--------+--------+--------+-----+--------+

Top non-repeatable levels by time:
     D:1: 1620 daAuts
     D:2: 369 daAuts
